 Dungeon Crawl Stone Soup version 0.31.0-12-g77e489cdc1 (webtiles) character file.

Game seed: 16700483402845933415

29919 Dvallin the Grappler (level 13, -1/89 (105) HPs)
             Began as a Yellow Draconian Shapeshifter on Feb 22, 2024.
             Was a High Priest of Makhleb.
             Slain by an orc knight
             ... wielding a +0 battleaxe
              (24 damage)
             ... on level 2 of the Orcish Mines.
             The game lasted 00:43:59 (16923 turns).

Dvallin the Grappler (DrSh)                        Turns: 16923, Time: 00:44:02

HP:   -1/89 (105)   AC: 15    Str: 17    XL:     13   Next: 17%
MP:   18/22         EV: 15    Int: 11    God:    Makhleb [*****.]
Gold: 1072          SH:  0    Dex: 18    Spells: 12/12 levels left

rFire   . .          .
                       - Unarmed
rCold   + . .        (no shield)
rNeg    . . .        (body armour unavailable)
rPois   +            M - +3 hat of Impressiveness {Stlth+}
rElec   .            A - +2 cloak {rCorr}
rCorr   +            (no gloves)
SInv    .            B - +0 pair of boots
Will    .....        V - amulet of regeneration
Stlth   +++          J - ring of protection from cold
HPRegen 1.14/turn    P - ring of Seap {Wiz rPois Dex+3 Slay+3}
MPRegen 0.18/turn

%: wizardry (x1)
@: short of breath, maw-form, heavily drained
A: devouring maw, spit acid, AC +8, unfitting armour, cold-blooded, acid
resistance
a: Breathe Acid, Begin Untransformation, Renounce Religion, Minor Destruction,
Lesser Servant of Makhleb, Major Destruction, Greater Servant of Makhleb


You were on level 2 of the Orcish Mines.
You worshipped Makhleb.
Makhleb was extremely pleased with you.
You were a creature with a mouth for a stomach.
You visited 4 branches of the dungeon, and saw 17 of its levels.

You collected 1492 gold pieces.
You spent 420 gold pieces at shops.

Inventory:

Missiles
 H - a throwing net
Armour
 A - a +2 cloak of preservation (worn)
 B - a +0 pair of boots (worn)
 C - an orb of wrath
 M - the +3 hat of Impressiveness (worn) {Stlth+}
   (You found it on level 1 of the Lair of Beasts)

   Stlth+:    It makes you more stealthy.
Magical Staves
 l - a staff of cold
Jewellery
 e - an amulet of guardian spirit
 r - a ring of fire
 v - a +6 ring of intelligence
 F - a ring of magical power
 G - a +4 ring of protection
 J - a ring of protection from cold (left hand)
 L - a ring of fire
 P - the ring of Seap (right hand) {Wiz rPois Dex+3 Slay+3}
   (You found it on level 1 of the Lair of Beasts)

   [ring of wizardry]

   Wiz:       It improves your spell success rate.
   Dex+3:     It affects your dexterity (+3).
   Slay+3:    It affects your accuracy & damage with ranged weapons and melee
   (+3).
   rPois:     It protects you from poison
 Q - an amulet of magic regeneration
 U - a +6 ring of intelligence
 V - an amulet of regeneration (around neck)
Talismans
 b - a beast talisman
 E - a flux talisman
 K - a maw talisman (active)
Wands
 c - a wand of polymorph (13)
 g - a wand of flame (22)
 o - a wand of paralysis (9)
 q - a wand of digging (13)
 w - a wand of roots (12)
Scrolls
 d - 6 scrolls of revelation {unknown}
 f - 14 scrolls of identify {unknown}
 h - 2 scrolls of teleportation {unknown}
 j - a scroll of blinking
 k - 2 scrolls of fear {unknown}
 m - 2 scrolls of vulnerability {unknown}
 p - 2 scrolls of amnesia {unknown}
 s - 3 scrolls of poison {unknown}
 u - a scroll of noise {unknown}
 y - a scroll of enchant armour {unknown}
 z - 2 scrolls of immolation {unknown}
 D - 2 scrolls of butterflies {unknown}
 N - 2 scrolls of brand weapon {unknown}
 S - a scroll of enchant weapon {unknown}
Potions
 a - 6 potions of haste {unknown}
 n - 2 potions of brilliance
 t - a potion of resistance {unknown}
 x - 2 potions of enlightenment
 I - 2 potions of mutation {unknown}
 O - a potion of magic {unknown}
 R - 5 potions of curing
 T - a potion of cancellation {unknown}


   Skills:
 + Level 7.3 Fighting
 + Level 6.3 Dodging
 * Level 13.7 Unarmed Combat
 - Level 13.1 Invocations
 + Level 10.0 Shapeshifting


You had 12 spell levels left.
You didn't know any spells.
Your spell library contained the following spells:

 Spells                   Type           Power      Damage    Failure   Level
 Sandblast                Erth           0%         2d4       14%         1
 Slow                     Hex            0%         N/A       14%         1
 Call Imp                 Summ           0%         N/A       21%         2
 Jinxbite                 Hex            0%         N/A       21%         2
 Sublimation of Blood     Necr           0%         N/A       21%         2
 Confusing Touch          Hex            0%         N/A       38%         3
 Dazzling Flash           Conj/Hex       0%         N/A       38%         3
 Inner Flame              Hex/Fire       0%         N/A       38%         3
 Mephitic Cloud           Conj/Alch/Air  0%         N/A       38%         3
 Passwall                 Erth           0%         N/A       38%         3
 Sigil of Binding         Hex            0%         N/A       38%         3
 Stone Arrow              Conj/Erth      0%         3d7       38%         3
 Tukima's Dance           Hex            0%         N/A       38%         3
 Vampiric Draining        Necr           0%         2d6       38%         3
 Animate Dead             Necr           0%         N/A       77%         4
 Brom's Barrelling Bould  Conj/Erth      0%         2d3       77%         4
 Dimensional Bullseye     Hex/Tloc       0%         N/A       77%         4
 Iskenderun's Mystic Bla  Conj/Tloc      0%         2d3       77%         4
 Petrify                  Alch/Erth      0%         N/A       77%         4
 Borgnjor's Vile Clutch   Necr/Erth      0%         N/A       98%         5
 Curse of Agony           Necr           0%         N/A       98%         5
 Irradiate                Conj/Alch      0%         3d11      98%         5
 Silence                  Hex/Air        0%         N/A       98%         5
 Yara's Violent Unravell  Hex/Alch       0%         3d3       98%         5
 Death Channel            Necr           0%         N/A       100%        6
 Sculpt Simulacrum        Ice/Alch       0%         N/A       100%        6
 Enfeeble                 Hex            0%         N/A       100%        7
 Ozocubu's Refrigeration  Ice            0%         4d7       100%        7
 Summon Hydra             Summ           0%         N/A       100%        7
 Ignition                 Fire           0%         3d3       100%        8
 Polar Vortex             Ice            0%         N/A       100%        9


Dungeon Overview and Level Annotations

Branches:
Dungeon (10/15)            Temple (1/1) D:6            Lair (4/5) D:10
 Shoals (0/4) Lair:2        Snake (0/4) Lair:3          Orc (2/2) D:9
    Elf (0/3) Orc:2
  Slime: Lair:4-5

Altars:
Ashenzari
Cheibriados
Dithmenos
Elyvilon
Fedhas
Gozag
Hepliaklqana
Kikubaaqudgha
Makhleb
Nemelex Xobeh
Okawaru
Qazlal
Ru
Sif Muna
Trog
Uskayaw
Vehumet
Wu Jian
Xom
Yredelemnul
Zin
The Shining One

Shops:
D:8 (   Orc:1 =

Annotations:
D:6 2 transporters, Jeremiah; bayes525's ghost, novice MiBe
Lair:3 1 runed translucent door, Sijidghir's ghost, journeyman FeBe
Lair:4 1 runed translucent door, Bananafolds's ghost, journeyman MfSk


Innate Abilities, Weirdness & Mutations

You are a creature with a mouth for a stomach.
Your midsection houses a second, enormous mouth.
You can spit globs of acid.
Your golden yellow scales are hard. (AC +8)
You cannot fit into any form of body armour.
You are cold-blooded and may be slowed by cold attacks.
You are resistant to acid. (rCorr)


Message History

You punch the orc knight! You tail-slap the orc knight.
The orc knight is moderately wounded.
You hear a shout!
The orc warrior no longer looks unusually strong.
An orc high priest comes into view. It is wielding a +1 halberd of flaming.
An orc warrior comes into view. It is wielding a +0 hand axe.
The orc high priest utters an invocation to Beogh.
An orc priest comes into view. It is wielding a +0 hand axe.
The orc knight roars a battlecry!
The orc warrior goes into a battle-frenzy!
The orc warrior shoots an arrow.
The arrow hits you but does no damage.
You feel drained. The sun demon closely misses you.
The rust devil disappears in a puff of smoke!
The orc knight attacks as it pursues you!
The orc knight hits you with a +3 heavy great mace!
The neqoxec gestures at you. Something gnaws on your mind!
You feel your power leaking away.
The orc knight roars a battlecry!
The orcs go into a battle-frenzy!
The orc warrior no longer looks unusually strong.
The orc knight no longer looks unusually strong.
The orc priest no longer looks unusually strong.
The orc priest calls down the wrath of Beogh upon you.
Beogh smites you!
The orc knight roars a battlecry!
The orcs go into a battle-frenzy!
You feel much better. The sun demon completely misses you.
The orc knight roars a battlecry!
The orc priest goes into a battle-frenzy!
Okay, then.
Okay, then.
You don't know any spells.
A demon appears!
The sun demon hits you!!
You are engulfed in flames!
The orc priest casts a cantrip, but nothing happens.
The orc priest calls down the wrath of Beogh upon you.
Beogh smites you!
* * * LOW HITPOINT WARNING * * *
The orc knight hits you with a +0 battleaxe!!
You die...

#....#...........#..#..
##....#.#.#.....##...#.
#....#...#..........##.
#####################..
####### #..#.. .# ###.....###
#..#.. ...
###.........####..... ...
##..).3........##..... ..
###.oooW..........#.....
#.#.#.#o#.#o#3#.#.#.#.#[#.....
....o.o...o.o...........)....)
.....o#o#..........).)........
..o.oo.oo..............)......
#o#.#.#.#.#.#.#.#.#.#.#.#.....
.o..oo###...............#...#.
..... ##.............##.....
...## ##.........####...##


You could see 2 orc knights, 2 orc high priests, a sun demon (summoned, ally
target), 2 orc warriors, 2 orc priests and a friendly smoke demon (summoned).

Vanquished Creatures
  A fire dragon (Lair:2)
  A catoblepas (Lair:3)
  Erica (D:8)
  Urug (Lair:1)
  Nergalle (Lair:2)
  An orc high priest (Orc:2)
  Pikel (D:6)
  An orc knight (Orc:2)
  A deep elf pyromancer (D:10)
  Maurice (D:8)
  A salamander (Lair:3)
  A kobold blastminer (Orc:1)
  A manticore (Lair:2)
  10 elephants
  A gargoyle (D:10)
  3 cane toads
  2 kobold demonologists (D:9)
  A rime drake (Lair:1)
  12 komodo dragons
  4 polar bears
  A troll (Orc:2)
  A wind drake (Lair:2)
  9 blink frogs
  4 wyverns
  2 shadows (D:9)
  A wraith (D:10)
  29 yaks
  A basilisk (Lair:1)
  A warg (Orc:2)
  An acid dragon (D:10)
  2 nagas (Lair:3)
  2 water moccasins
  Duvessa (D:4)
  A sky beast (D:7)
  17 orc warriors
  2 ice beasts
  6 ogres
  2 centaurs
  3 lemures (D:6)
  2 phantoms
  A kobold brigand (D:6)
  9 bullfrogs
  2 gnoll sergeants
  2 scorpions
  5 wights (D:7)
  Dowan (D:4)
  14 killer bees (D:9)
  2 howler monkeys
  2 hounds
  Crazy Yiuf (D:7)
  A gnoll bouda (D:5)
  26 orc priests
  An iguana (D:3)
  A sleepcap (D:7)
  19 orc wizards
  7 adders
  14 gnolls
  2 white imps
  3 dart slugs
  93 orcs
  10 ball pythons
  10 endoplasms
  3 giant cockroaches
  5 goblins
  7 hobgoblins
  18 jackals
  3 quokkas
  6 bats
  6 frilled lizards
  17 kobolds
  8 rats
433 creatures vanquished.

Vanquished Creatures (others)
  An orc warrior (Orc:1)
1 creature vanquished.

Grand Total: 434 creatures vanquished

Notes
Turn   | Place    | Note
-------+----------+-------------------------------------------
     0 | D:1      | Dvallin the Draconian Shapeshifter began the quest for the
                  | Orb.
     0 | D:1      | Reached XP level 1. HP: 16/16 MP: 1/1
   242 | D:1      | Reached XP level 2. HP: 23/23 MP: 2/2
   319 | D:1      | Found a faded altar of an unknown god.
   500 | D:1      | Reached XP level 3. HP: 28/28 MP: 3/3
  1550 | D:2      | Reached XP level 4. HP: 35/35 MP: 4/4
  1997 | D:3      | Found a glowing silver altar of Zin.
  2040 | D:3      | Found a stormy altar of Qazlal.
  2240 | D:3      | Reached XP level 5. HP: 20/40 MP: 5/5
  2693 | D:4      | Noticed Dowan
  2695 | D:4      | Noticed Duvessa
  2719 | D:4      | Killed Duvessa
  2720 | D:4      | Reached skill level 5 in Shapeshifting
  2725 | D:4      | Killed Dowan
  2726 | D:4      | Reached XP level 6. HP: 17/47 MP: 6/6
  2950 | D:4      | HP: 2/47 [phantom (3)]
  3133 | D:4      | Your scales start taking on a golden yellow colour.
  3133 | D:4      | Reached XP level 7. HP: 29/52 MP: 7/7
  3133 | D:4      | Gained mutation: You are resistant to acid. (rCorr) [Yellow
                  | Draconian growth]
  3637 | D:5      | Entered Level 5 of the Dungeon
  3641 | D:4      | Reached skill level 5 in Unarmed Combat
  4469 | D:5      | Reached XP level 8. HP: 58/59 MP: 8/8
  4775 | D:6      | Noticed bayes525's ghost (novice MiBe)
  4776 | D:6      | Found a transporter.
  4913 | D:6      | Noticed Pikel
  4922 | D:6      | Killed Pikel
  4938 | D:6      | Found a transporter.
  5065 | D:6      | Noticed Jeremiah
  5116 | D:6      | Found a staircase to the Ecumenical Temple.
  5123 | Temple   | Entered the Ecumenical Temple
  5200 | Temple   | Became a worshipper of Makhleb the Destroyer
  5717 | D:6      | Reached skill level 1 in Invocations
  5890 | D:6      | Reached XP level 9. HP: 57/64 MP: 10/10
  6130 | D:6      | Found a shadowy altar of Dithmenos.
  6186 | D:7      | Reached skill level 10 in Unarmed Combat
  6655 | D:7      | Found a sparkling altar of Nemelex Xobeh.
  6882 | D:7      | Found a runed translucent door.
  6883 | D:7      | Noticed Crazy Yiuf
  6889 | D:7      | Killed Crazy Yiuf
  7287 | D:8      | Reached skill level 5 in Invocations
  7438 | D:8      | Noticed Erica
  7439 | D:8      | Noticed Maurice
  7452 | D:8      | Killed Erica
  7452 | D:8      | Something stole a ring of fire
  7453 | D:8      | Reached XP level 10. HP: 63/71 MP: 11/16
  7456 | D:8      | Something stole 299 gold
  7568 | D:8      | Maurice stole 62 gold
  7570 | D:8      | Maurice stole a flux talisman
  7582 | D:8      | Killed Maurice
  7762 | D:8      | Reached skill level 10 in Invocations
  7762 | D:8      | Noticed a +0 dagger
  7762 | D:8      | Noticed a +0 short sword
  7764 | D:8      | Noticed a +0 spear
  7764 | D:8      | Noticed a +0 dagger
  7764 | D:8      | Noticed a +0 falchion
  7764 | D:8      | Noticed a +0 spear
  7765 | D:8      | Noticed a +0 short sword
  7768 | D:8      | Noticed a +0 falchion
  7771 | D:8      | Found a hide-covered altar of Uskayaw.
  8289 | D:8      | Found Upsonodd's Weapon Emporium.
  8488 | D:9      | Reached * piety under Makhleb
  8670 | D:9      | Found a staircase to the Orcish Mines.
  8865 | D:9      | Reached ** piety under Makhleb
  9670 | D:10     | Entered Level 10 of the Dungeon
  9702 | Orc:1    | Entered Level 1 of the Orcish Mines
 10226 | D:10     | Reached XP level 11. HP: 69/78 MP: 20/20
 10274 | D:10     | Found a broken altar of Ashenzari.
 10357 | D:10     | Found a staircase to the Lair.
 10475 | D:10     | Noticed a deep elf pyromancer
 10498 | D:10     | Killed a deep elf pyromancer
 10884 | Lair:1   | Entered Level 1 of the Lair of Beasts
 10942 | Lair:1   | Identified the +3 hat of Impressiveness {Stlth+}
 11021 | Lair:1   | Noticed Urug
 11046 | Lair:1   | HP: 3/80 [Urug/silver javelin (15)]
 11046 | Lair:1   | HP: 1/80 [Urug/silver javelin (2)]
 11062 | D:10     | HP: 5/120 [komodo dragon (9)]
 11063 | D:10     | HP: 1/120 [komodo dragon (4)]
 11311 | Lair:1   | Killed Urug
 11830 | Lair:1   | Identified the +0 ring mail of Moral Flaws {rElec Will+
                  | rCorr Int-5 Dex+3}
 11899 | Lair:1   | Identified the ring of Seap {Wiz rPois Dex+3 Slay+3}
 12559 | Lair:2   | Reached *** piety under Makhleb
 12567 | Lair:2   | Found a staircase to the Shoals.
 12589 | Lair:2   | Reached XP level 12. HP: 74/92 MP: 16/21
 12908 | Lair:2   | Noticed Nergalle
 12919 | Lair:2   | Killed Nergalle
 13185 | Lair:2   | Reached skill level 5 in Fighting
 13225 | Lair:2   | Noticed a fire dragon
 13239 | Lair:2   | Killed a fire dragon
 13863 | Lair:3   | Found a staircase to the Snake Pit.
 14017 | Lair:3   | Reached skill level 5 in Dodging
 14162 | Lair:3   | Reached skill level 10 in Shapeshifting
 14233 | Lair:3   | Noticed a catoblepas
 14254 | Lair:3   | Reached **** piety under Makhleb
 14279 | Lair:3   | Killed a catoblepas
 14343 | Lair:3   | Found a runed translucent door.
 14345 | Lair:3   | Noticed Sijidghir's ghost (journeyman FeBe)
 14348 | Lair:3   | Identified the +1 trident of Eternity {speed, *Corrode
                  | rPois rF+ rC++}
 14997 | Lair:4   | Found a runed translucent door.
 15006 | Lair:4   | Found a shimmering altar of Xom.
 15006 | Lair:4   | Noticed Bananafolds's ghost (journeyman MfSk)
 15282 | Lair:4   | Noticed an eight-headed hydra
 15290 | Lair:4   | Noticed a seven-headed hydra
 15727 | Orc:2    | Entered Level 2 of the Orcish Mines
 15745 | Orc:2    | Reached XP level 13. HP: 104/104 MP: 22/22
 16005 | Orc:2    | Found a burning altar of Makhleb.
 16230 | Orc:2    | Found a staircase to the Elven Halls.
 16293 | Orc:1    | Reached ***** piety under Makhleb
 16530 | Orc:1    | Found Kotuizxa's Jewellery Emporium.
 16535 | Orc:1    | Bought an amulet of regeneration for 420 gold pieces
 16923 | Orc:2    | Slain by an orc knight

Illustrated notes

Levels and vault maps discovered:
D:1:      minmay_arrival_split_and_join, layout_basic,
          ebering_ecumenical_altar_abandoned, serial_forest,
          infiniplex_forest_clump_medium, infiniplex_forest_clump_cross,
          infiniplex_forest_straight_3, infiniplex_forest_clump_medium,
          infiniplex_forest_3_way, infiniplex_forest_lined_ring,
          infiniplex_forest_straight_3
D:2:      layout_rooms, corexii_hall_statues_u
D:3:      layout_loops_ring, jmf_multi_god_temple
D:4:      layout_basic, minmay_between, uniq_duvessa
D:5:      layout_loops_ring
D:6:      layout_basic, lemuel_coloured_pillars_altar,
          minmay_temple_entry_ruins, gammafunk_ghost_arena, uniq_pikel,
          uniq_jeremiah
D:7:      layout_rooms, nemelex_altar_shiori, grunt_ministairs_11,
          uniq_crazy_yiuf_cottage
D:8:      layout_basic, nicolae_uskayaw_en_pointe, serial_shops, shop,
          uniq_erica, uniq_maurice
D:9:      layout_loops_corners, hiddenorc2_lemuel
D:10:     layout_rooms, lemuel_doored_altar, david_lair_shrubbed,
          lightli_fourway_metalbox
Temple:   nicolae_temple_slightly_damp_pantheon
Lair:1:   layout_regular_city, uniq_urug
Lair:2:   dragon1_lemuel, layout_misc_corridors, minmay_shoals_entry_beasts,
          uniq_nergalle
Lair:3:   layout_roguey, alex1729_snake_entry_snake,
          ebering_ghost_funeral_grove, grunt_megastairs_4, serial_bayou_shore_b
Lair:4:   layout_hall_layers, dpeg_slime_entry_enclosed, ebering_ghost_xom
Orc:1:    layout_caves, serial_shops, nicolae_shop_just_a_little_nook,
          nicolae_shop_rolling_square
Orc:2:    st_orc_pillars, layout_caves, basic_altar

Skill      XL: |  1  2  3  4  5  6  7  8  9 10 11 12 13 |
---------------+----------------------------------------+-----
Shapeshifting  | 4 5 7 9 10 | 10.0
Unarmed Combat | 4 6 9 10 11 13 | 13.7
Invocations    | 2 9 13 | 13.1
Dodging        | 4 6 |  6.3
Fighting       | 4 6 7 |  7.3

Action                     |  1- 3 |  4- 6 |  7- 9 | 10-12 | 13-15 || total
---------------------------+-------+-------+-------+-------+-------++-------
  Melee: Unarmed           |   111 |   126 |   325 |   774 |   201 ||  1537
         Tailslap          |     8 |    14 |    47 |   156 |    32 ||   257
         Punch             |     2 |     2 |     3 |     5 |     3 ||    15
         Maw               |       |       |       |     9 |    12 ||    21
 Invoke: Lesser Servant of |       |       |       |       |     1 ||     1
Ability: Breathe Acid      |       |       |    32 |    48 |     9 ||    89
    Use: Potion            |       |     6 |     5 |     6 |     3 ||    20
         Scroll            |       |       |       |     1 |       ||     1
   Stab: Sleeping          |     2 |     3 |       |       |       ||     5
         Confused          |       |       |     1 |       |       ||     1
         Petrified         |       |       |       |     9 |       ||     9
 Armour: Skin              |    46 |    82 |   139 |   454 |   116 ||   837
  Dodge: Dodged            |    58 |    52 |   172 |   595 |   187 ||  1064
   Form: Flux              |       |       |     1 |     1 |       ||     2
         Maw               |       |       |       |     1 |     1 ||     2
